 Dungeon Crawl Stone Soup version 0.32-a0-666-ge8a88695a4 (webtiles) character file.

Game seed: 17258491098628323098

15784595 backslashecho the Minotaur Barricade (level 27, 272/273 HPs)
             Began as a Minotaur Berserker on Mar 9, 2024.
             Was the Champion of Zin.
             Escaped with the Orb
             ... and 15 runes
             ... and 1 gem!
             The game lasted 05:48:55 (99724 turns).

backslashecho the Minotaur Barricade (MiBe)        Turns: 99724, Time: 05:48:56

Health: 272/273    AC: 52    Str: 31    XL:     27
Magic:  39/39      EV: 21    Int:  9    God:    Zin [******]
Gold:   4547       SH: 28    Dex: 17    Spells: 26/26 levels left

rFire   + + .        a - +8 mithril axe "Arga" {speed, Will+}
rCold   + + .        q - +2 tower shield {rF+}
rNeg    + + +        i - +12 gold dragon scales
rPois   +            j - +1 hat
rElec   +            k - +0 cloak of Bablog {rPois rN+++ Str+4 Int-3}
rCorr   .            l - +3 pair of gauntlets of War {Slay+5}
SInv    +            z - +3 pair of seven-league boots {Rampage+∞}
Will    ++++.        S - amulet of regeneration Stlth
                     v - ring "Diqe" {rC+ rN+ SInv}
HPRegen 1.45/turn    E - ring "Maraenn" {+Blink rElec Will+ Int+6 Slay+3}
MPRegen 0.26/turn

%: rampage+∞
@: studying 2 skills
A: horns 2, retaliatory headbutt
0: Orb of Zot
}: 15/15 runes: serpentine, barnacled, slimy, silver, golden, iron, obsidian,
icy, bone, abyssal, demonic, glowing, magical, fiery, dark
a: Renounce Religion, Evoke Blink, Recite, Vitalisation, Imprison, Sanctuary,
Donate Gold


You escaped.
You worshipped Zin.
Zin was exalted by your worship.
You visited 18 branches of the dungeon, and saw 88 of its levels.
You visited Pandemonium 1 time, and saw 18 of its levels.
You visited the Abyss 1 time.
You also visited: Gauntlet, Ice Cave and Wizlab.

You collected 13717 gold pieces.
You spent 4016 gold pieces at shops.
You donated 5154 gold pieces to Zin.

Inventory:

Hand Weapons
 a - the +8 mithril axe "Arga" (weapon) {speed, Will+}
   (You found it on level 5 of the Pits of Slime)

   Will+:     It increases your willpower.
 b - a +9 broad axe of holy wrath
 e - a +9 antimagic broad axe
Missiles
 g - 24 curare-tipped darts (quivered)
 M - 4 throwing nets
Armour
 i - +12 gold dragon scales (worn)
 j - a +1 hat (worn)
 k - the +0 cloak of Bablog (worn) {rPois rN+++ Str+4 Int-3}
   (You found it on level 5 of the Pits of Slime)

   Str+4:     It affects your strength (+4).
   Int-3:     It affects your intelligence (-3).
   rPois:     It protects you from poison.
   rN+++:     It renders you almost immune to negative energy.
 l - the +3 pair of gauntlets of War (worn) {Slay+5}
   (You bought it in a shop on level 1 of the Vaults)

   Slay+5:    It affects your accuracy & damage with ranged weapons and melee
   (+5).
 q - a +2 tower shield of fire resistance (worn)
 z - the +3 pair of seven-league boots (worn) {Rampage+∞}
   (You found it on level 3 of the Depths)

   Rampage+∞: When moving toward enemies, its wearer moves as far as possible,
   alerting their target en route.
 P - a +0 hat
Jewellery
 o - the ring "Duttae" {rPois rF++ rN+ Str-3 SInv}
   (You found it on level 5 of the Vaults)

   [ring of see invisible]

   Str-3:     It affects your strength (-3).
   rF++:      It greatly protects you from fire.
   rPois:     It protects you from poison.
   rN+:       It protects you from negative energy.
   SInv:      It lets you see invisible.
 v - the ring "Diqe" (left hand) {rC+ rN+ SInv}
   (You bought it in a shop on level 3 of the Snake Pit)

   [ring of see invisible]

   rC+:       It protects you from cold.
   rN+:       It protects you from negative energy.
   SInv:      It lets you see invisible.
 E - the ring "Maraenn" (right hand) {+Blink rElec Will+ Int+6 Slay+3}
   (You took it off a guardian mummy on level 1 of the Tomb of the Ancients)

   [ring of intelligence]

   Int+6:     It affects your intelligence (+6).
   Slay+3:    It affects your accuracy & damage with ranged weapons and melee
   (+3).
   rElec:     It insulates you from electricity.
   Will+:     It increases your willpower.
   +Blink:    It lets you blink.
 K - the ring "Saqink" {Fly rCorr Dex+6}
   (You found it on level 3 of the Shoals)

   [ring of resist corrosion]

   Dex+6:     It affects your dexterity (+6).
   Fly:       It grants you flight.
   rCorr:     It protects you from acid and corrosion.
 S - an amulet of regeneration (around neck)
 U - the ring of Equilibrium {Fly rElec rPois Dex+6}
   (You took it off a vampire knight on level 2 of the Depths)

   [ring of flight]

   Dex+6:     It affects your dexterity (+6).
   rElec:     It insulates you from electricity.
   rPois:     It protects you from poison.
   Fly:       It grants you flight.
Wands
 u - a wand of quicksilver (28)
 x - a wand of paralysis (113)
 A - a wand of mindburst (57)
 F - a wand of iceblast (36)
 H - a wand of digging (11)
Scrolls
 c - 7 scrolls of poison
 d - 12 scrolls of fear
 h - 9 scrolls of teleportation
 s - 2 scrolls of revelation
 y - 4 scrolls of fog
 G - 13 scrolls of vulnerability
 L - 2 scrolls of silence
 O - 6 scrolls of immolation
 X - 2 scrolls of butterflies
 Z - 11 scrolls of blinking
Potions
 f - 16 potions of mutation
 m - 8 potions of curing
 n - 9 potions of enlightenment
 p - 2 potions of might
 r - 6 potions of resistance
 w - 12 potions of heal wounds
 B - 2 potions of haste
 C - 5 potions of magic
 D - a potion of ambrosia
 Y - 5 potions of berserk rage
Miscellaneous
 t - a phial of floods
 N - a lightning rod (4/4)
 Q - a phantom mirror
 R - a condenser vane
 W - a sack of spiders


   Skills:
 O Level 27 Fighting
 O Level 27 Axes
 + Level 15.0 Throwing
 O Level 27 Armour
 O Level 27 Dodging
 O Level 27 Shields
 O Level 27 Invocations
 O Level 27 Evocations


You had 26 spell levels left.
You didn't know any spells.
Your spell library contained the following spells:

 Spells                   Type           Power      Damage    Failure   Level
 Apportation              Tloc           0%         N/A       90%         1
 Freeze                   Ice            0%         1d3       90%         1
 Magic Dart               Conj           0%         1d3       90%         1
 Necrotise                Necr           0%         1d4       90%         1
 Shock                    Conj/Air       0%         1d3       90%         1
 Sting                    Conj/Alch      0%         1d3       90%         1
 Summon Small Mammal      Summ           0%         N/A       90%         1
 Call Imp                 Summ           0%         N/A       97%         2
 Ensorcelled Hibernation  Hex/Ice        0%         N/A       97%         2
 Jinxbite                 Hex            0%         N/A       97%         2
 Lesser Beckoning         Tloc           0%         N/A       97%         2
 Mercury Vapours          Alch/Air       0%         N/A       97%         2
 Searing Ray              Conj           0%         2d4       97%         2
 Static Discharge         Conj/Air       0%         3-3/arc   97%         2
 Sublimation of Blood     Necr           0%         N/A       97%         2
 Call Canine Familiar     Summ           0%         N/A       99%         3
 Confusing Touch          Hex            0%         N/A       99%         3
 Dazzling Flash           Conj/Hex       0%         N/A       99%         3
 Frozen Ramparts          Ice            0%         1d1       99%         3
 Fugue of the Fallen      Necr           0%         N/A       99%         3
 Gell's Gravitas          Tloc           0%         N/A       99%         3
 Hailstorm                Conj/Ice       0%         3d5       99%         3
 Inner Flame              Hex/Fire       0%         N/A       99%         3
 Mephitic Cloud           Conj/Alch/Air  0%         N/A       99%         3
 Ozocubu's Armour         Ice            0%         N/A       99%         3
 Sigil of Binding         Hex            0%         N/A       99%         3
 Stone Arrow              Conj/Erth      0%         3d7       99%         3
 Summon Ice Beast         Ice/Summ       0%         N/A       99%         3
 Swiftness                Air            0%         N/A       99%         3
 Teleport Other           Tloc           0%         N/A       99%         3
 Tukima's Dance           Hex            0%         N/A       99%         3
 Vampiric Draining        Necr           0%         2d6       99%         3
 Airstrike                Air            0%         2d(0-16)  100%        4
 Anguish                  Hex/Necr       0%         N/A       100%        4
 Animate Armour           Summ/Erth      0%         N/A       100%        4
 Animate Dead             Necr           0%         N/A       100%        4
 Brom's Barrelling Bould  Conj/Erth      0%         2d3       100%        4
 Dimensional Bullseye     Hex/Tloc       0%         N/A       100%        4
 Dispel Undead            Necr           0%         3d6       100%        4
 Fulminant Prism          Conj/Alch      0%         3d5       100%        4
 Ignite Poison            Fire/Alch      0%         N/A       100%        4
 Leda's Liquefaction      Alch/Erth      0%         N/A       100%        4
 Manifold Assault         Tloc           0%         N/A       100%        4
 Olgreb's Toxic Radiance  Alch           0%         N/A       100%        4
 Passage of Golubria      Tloc           0%         N/A       100%        4
 Petrify                  Alch/Erth      0%         N/A       100%        4
 Summon Blazeheart Golem  Fire/Summ      0%         N/A       100%        4
 Summon Lightning Spire   Summ/Air       0%         N/A       100%        4
 Vhi's Electric Charge    Tloc/Air       0%         N/A       100%        4
 Alistair's Intoxication  Alch           0%         N/A       100%        5
 Arcjolt                  Conj/Air       0%         1d10      100%        5
 Borgnjor's Vile Clutch   Necr/Erth      0%         N/A       100%        5
 Curse of Agony           Necr           0%         N/A       100%        5
 Fireball                 Conj/Fire      0%         3d3       100%        5
 Irradiate                Conj/Alch      0%         3d11      100%        5
 Iskenderun's Battlesphe  Conj           0%         2d6       100%        5
 Lee's Rapid Deconstruct  Erth           0%         3d4*      100%        5
 Metabolic Englaciation   Hex/Ice        0%         N/A       100%        5
 Silence                  Hex/Air        0%         N/A       100%        5
 Summon Forest            Summ/Tloc      0%         N/A       100%        5
 Summon Mana Viper        Hex/Summ       0%         N/A       100%        5
 Yara's Violent Unravell  Hex/Alch       0%         3d3       100%        5
 Bombard                  Conj/Erth      0%         9d1       100%        6
 Conjure Ball Lightning   Conj/Air       0%         3x3d6     100%        6
 Dispersal                Tloc           0%         N/A       100%        6
 Eringya's Noxious Bog    Alch           0%         4d6       100%        6
 Sculpt Simulacrum        Ice/Alch       0%         N/A       100%        6
 Summon Cactus Giant      Summ           0%         N/A       100%        6
 Enfeeble                 Hex            0%         N/A       100%        7
 Haunt                    Necr/Summ      0%         N/A       100%        7
 Malign Gateway           Summ/Tloc      0%         N/A       100%        7
 Monstrous Menagerie      Summ           0%         N/A       100%        7
 Orb of Destruction       Conj           0%         9d5       100%        7
 Ozocubu's Refrigeration  Ice            0%         4d7       100%        7
 Summon Hydra             Summ           0%         N/A       100%        7
 Borgnjor's Revivificati  Necr           0%         N/A       100%        8
 Discord                  Hex            0%         N/A       100%        8
 Disjunction              Tloc           0%         N/A       100%        8
 Ignition                 Fire           0%         3d3       100%        8
 Maxwell's Capacitive Co  Air            0%         ∞         100%        8
 Chain Lightning          Conj/Air       0%         N/A       100%        9
 Fire Storm               Conj/Fire      0%         5d1       100%        9
 Shatter                  Erth           0%         3d5*      100%        9


Dungeon Overview and Level Annotations

Branches:
Dungeon (15/15)            Temple (1/1) D:6            Lair (5/5) D:9
 Shoals (4/4) Lair:3        Snake (4/4) Lair:3        Slime (5/5) Lair:4
    Orc (2/2) D:10            Elf (3/3) Orc:2        Vaults (5/5) D:14
  Crypt (3/3) Vaults:2       Tomb (3/3) Crypt:3      Depths (4/4) D:15
   Hell (visited)             Dis (7/7) Hell            Geh (7/7) Hell
    Coc (7/7) Hell            Tar (7/7) Hell            Zot (5/5) Depths:4
  IceCv (visited)          WizLab (visited)         Gauntlet (visited)

Altars:
Ashenzari
Cheibriados
Dithmenos
Elyvilon
Fedhas
Gozag
Hepliaklqana
Kikubaaqudgha
Makhleb
Nemelex Xobeh
Okawaru
Qazlal
Ru
Sif Muna
Trog
Uskayaw
Vehumet
Wu Jian
Xom
Yredelemnul
Zin
The Shining One
Beogh
Jiyva

Shops:
D:6 [   Orc:2 ([!   Snake:3 :==   Vaults:1 [*(   Vaults:3 !*:?(   Depths:4 ((

Portals:
Hell: Depths:1 Depths:2 Depths:3 Depths:4
Abyss: Depths:2 Depths:3 Depths:4
Pandemonium: Depths:2 Depths:3
Ziggurat: Depths:2
Trove: Elf:3 (give 2 scrolls of acquirement)

Annotations:
D:7 1 runed translucent door, 2 exclusions, Crazy Yiuf
Shoals:3 exclusions: 2 tentacle segments and 2 more exclusions
Snake:3 1 runed translucent door, exclusion: door, ForkInBrain's ghost, adept CoHu
Elf:2 6 runed translucent doors, exclusion: 3 doors, MiniTore's ghost, adept CoBe
Vaults:3 2 transporters, Kevimi's ghost, adept FeNe
Geh:2 1 exclusion
Geh:5 36 runed translucent doors
Geh:6 1 exclusion
Zot:4 2 exclusions
Zot:5 3 exclusions


Innate Abilities, Weirdness & Mutations

You have a pair of horns on your head.
You reflexively headbutt those who attack you in melee.


Message History

You kill the iguana!
The iguana's corpse dissolves into shadows!
You slash the adder!
You kill the adder!
The adder's corpse dissolves into shadows!
You cut the shadow demon into ribbons!!!
You kill the shadow demon!
No target in view!
A smoke demon comes into view.
The smoke demon roars!
A hellwing comes into view.
The smoke demon gestures at you.
The ball of steam hits you but does no damage.
There is a stone staircase leading up here.
You climb upwards.
There is a stone staircase leading down here.
There is a stone staircase leading up here.
You climb upwards.
There is a stone staircase leading down here.
There is a stone staircase leading up here.
You climb upwards.
There is a stone staircase leading down here.
There is an open door here.
A balrug and a sun demon come into view.
The sun demon shouts!
A sun demon comes into view.
You slash the balrug! Your headbutt misses the balrug.
The balrug is lightly wounded.
You block the balrug's attack.
You barely miss the balrug. You headbutt the balrug!
The balrug is moderately wounded.
You slice the balrug like a ripe choko!!!
You headbutt the balrug.
You kill the balrug!
Your Throwing skill increases to level 15!
You stride towards the sun demon!
You slash the sun demon! Your headbutt misses the sun demon.
The sun demon is moderately wounded.
You closely miss the sun demon. You headbutt the sun demon!
The sun demon is heavily wounded.
You block the sun demon's attack.
You closely miss the sun demon.
The sun demon is heavily wounded.
You closely miss the sun demon. You block the sun demon's attack. x2
You slash the sun demon! You headbutt the sun demon!
You kill the sun demon!
You miss the sun demon.
You slice the sun demon like a ripe choko!!!
You kill the sun demon!
No target in view!
There is a stone staircase leading up here.
You climb upwards.
There is a stone staircase leading down here.
You see here a bat skeleton.
There is an open door here.
There is an open door here.
A Hairik, an Ice Fiend and an ice devil come into view.
You stride towards the Ice Fiend!
You slice the Ice Fiend like a ripe choko!!!
Your headbutt misses the Ice Fiend.
The Ice Fiend is heavily wounded.
As you read the scroll of butterflies, it crumbles to dust.
You hear the flapping of tiny wings.
The ice devil is knocked back by the sudden gust.
The Ice Fiend is knocked back by the sudden gust.
Hairik hits your butterfly!!!
Your butterfly dies!
Your butterfly disappears in a burst of colours!
You swap places.
The Ice Fiend gestures at you. The bolt of cold hits your butterfly!!!
Your butterfly dies!
Your butterfly disappears in a burst of colours!
The bolt of cold hits your butterfly!!!
Your butterfly dies!
Your butterfly disappears in a burst of colours!
The bolt of cold hits your butterfly!!
Your butterfly dies!
Your butterfly disappears in a burst of colours!
The bolt of cold hits you. You resist. The bolt of cold hits your butterfly!!!
Your butterfly dies!
Your butterfly disappears in a burst of colours!
Hairik gestures.
Hairik blinks!
You take 4 damage, and have 269/273 hp.
You swap places.
Hairik gestures.
Hairik blinks!
The ice devil hits your butterfly!
Your butterfly dies!
Your butterfly disappears in a burst of colours!
There is a staircase leading out of the dungeon here.
You regained 2 hp, and now have 271/273 hp.
Hairik gestures.
Hairik blinks!
The Ice Fiend claws your butterfly!
Your butterfly dies!
Your butterfly disappears in a burst of colours!
The ice devil hits your butterfly!
Your butterfly dies!
Your butterfly disappears in a burst of colours!
You have escaped!

##..#####≈≈§≈≈§§#####..####..
##.### #≈§§§....§§§# ###.##...
#.## #...).....§.# ##.##.# #.#
######'###### #.##.# ##.#####
###ß'ß#ß### #####.##.#
#.##...###b..b.....###..≈##.#.#
#.#....##.bb.bbbb...##..≈≈#.#.#
###.#....#..bbb.b.bb..##.).≈#.#.#
#...'......bbb..@b1.b.ß&.(.≈+.#.#
#.#.#....#..b.bbbb.4..'#...≈#.#.#
..#.#....##b.bbb.b..§.##..≈≈#.#..
.##.##...###.b.......###..≈##.#..
.###.##### ####ßbß#### ######.#..
.# #.# ######'###### #.##.. .#
#.## #....[(.....# ##.##.# .#
##.### #≈§≈.§..§≈≈≈# ###.##...
.#####..#####§≈≈≈≈≈≈#####..##....


You could see Hairik (ally target), an Ice Fiend (ally target) and an ice devil.

Vanquished Creatures
  Cerebov (Pan)
  Antaeus (Coc:7)
  Asmodeus (Geh:7)
  Ereshkigal (Tar:7)
  the Royal Jelly (Slime:5)
  Mnoleg (Pan)
  Gloorx Vloq (Pan)
  the Serpent of Hell (Coc:7)
  10 dread liches
  Lom Lobon (Pan)
  Dispater (Dis:7)
  9 ancient liches
  4 orbs of fire (Zot:5)
  2 juggernauts
  Sojobo (Vaults:4)
  20 royal mummies
  28 shard shrikes
  2 pandemonium lords (Pan)
  Boris (Vaults:5)
  A Head Instructor (WizLab)
  6 Killer Klowns
  Margery (Vaults:2)
  A curse toe (Zot:4)
  Vashnia (Snake:2)
  The ghost of Cuhyol the Skinwalker, a veteran MfSh of Jiyva (Zot:1)
  16 caustic shrikes
  Nikola (Elf:2)
  Geryon (Hell)
  13 golden dragons
  4 profane servitors
  24 bone dragons
  16 Tzitzimimeh
  14 Brimstone Fiends
  3 electric golems
  18 hellephants
  21 Hell Sentinels
  4 iron giants
  27 Ice Fiends
  11 tainted leviathans
  20 doom hounds
  2 walking crystal tomes (Depths:2)
  10 liches
  10 tentacled monstrosities
  21 Orb Guardians (Zot:5)
  A deep elf blademaster (Elf:3)
  22 searing wretches
  Grunn (Zot:2)
  14 sphinxes
  The ghost of Scrimshaw the Marksgoblin, an adept CoHs of Okawaru (Shoals:3)
  13 quicksilver dragons
  2 krakens (Shoals:3)
  3 deep elf master archers (Elf:3)
  14 titans
  31 ancient champions
  20 acid blobs
  24 Executioners (Pan)
  7 death cobs
  Kirke (D:14)
  17 shadow dragons
  12 tentacled starspawn
  Aizul (Elf:2)
  13 tengu reavers
  19 storm dragons
  13 draconian knights
  6 rockslimes
  A daeva (Abyss:3)
  8 azure jellies
  12 protean progenitors
  15 draconian monks
  12 narguns
  2 revenants
  7 demonspawn warmongers (Pan)
  17 frost giants
  16 fire giants
  5 nagarajas
  4 draconian scorchers
  8 deep elf sorcerers
  20 vault wardens
  A spectral juggernaut (Tar:1)
  7 draconian shifters
  5 iron dragons
  13 draconian stormcallers
  6 shard shrike simulacra
  2 deep elf elementalists (Elf:3)
  2 spectral caustic shrikes
  35 balrugs
  5 curse skulls
  Louise (Elf:1)
  7 ghost moths
  A ghoul (Crypt:3)
  21 reapers
  12 quicksilver elementals
  10 draconian annihilators
  8 demonspawn corrupters (Pan)
  3 orc warlords
  15 ironbound preservers
  8 demonspawn blood saints (Pan)
  2 juggernaut skeletons (Pan)
  7 quicksilver oozes
  21 cacodemons
  7 caustic shrike skeletons (Pan)
  7 ironbound thunderhulks
  30 stone giants
  24 very ugly things
  Nessos (D:15)
  3 formless jellyfish
  27 black draconians
  7 vampire knights
  6 deep elf demonologists
  10 demonspawn black suns (Pan)
  24 starcursed masses
  16 deep elf annihilators
  9 deep elf death magi
  5 dire elephants
  12 white draconians
  14 yellow draconians
  19 green draconians
  15 putrid mouths
  8 bennus
  19 war gargoyles
  21 elemental wellsprings
  6 lorocyprocas (Pan)
  A minotaur (Gauntlet)
  27 red draconians
  Azrael (Elf:2)
  18 wendigos
  15 spark wasps
  26 purple draconians
  9 eidola
  2 merfolk javelineers
  23 blizzard demons
  4 green deaths (Pan)
  A spectral iron giant (Tar:2)
  12 iron golems
  16 ettins
  A spectral quicksilver dragon (Tar:6)
  2 entropy weavers
  18 jiangshi
  6 mummy priests
  13 yaktaur captains
  5 merfolk impalers
  A spriggan zombie (Tomb:2)
  3 spectral spriggans
  19 fire dragons
  A crystal guardian (Vaults:3)
  4 hydras
  7 deep elf high priests
  9 rakshasas
  A spectral fenstrider witch (Tar:1)
  6 juggernaut simulacra
  7 great orbs of eyes
  6 salamander tyrants
  6 spriggan air magi
  33 vault guards
  9 caustic shrike simulacra
  A merfolk avatar (Shoals:4)
  3 catoblepae (Lair:5)
  2 peacekeepers (Vaults:3)
  14 ice dragons
  2 jorogumos (Zot:5)
  4 merfolk aquamancers
  8 ogre magi
  15 anacondas
  9 boulder beetles
  2 hell beasts (Pan)
  2 alligator snapping turtles
  20 two-headed ogres
  16 dancing weapons
  11 centaur warriors
  12 ironbound frosthearts
  4 death knights
  6 stokers
  3 tengu warriors
  5 satyrs
  21 hell hogs
  12 demonic crawlers (Pan)
  13 death yaks
  6 deep troll shamans
  10 death scarabs
  21 thrashing horrors
  8 vampire magi
  A spriggan berserker (Depths:1)
  A titan zombie (Crypt:2)
  8 deep troll earth magi
  21 naga warriors
  15 naga sharpshooters
  7 orc high priests
  3 occultists
  12 shock serpents
  38 soul eaters
  9 crystal echidnas
  A spectral dire elephant (Tar:4)
  9 hell knights
  17 deep elf knights
  4 iron trolls
  69 sun demons
  3 hellephant skeletons (Pan)
  A spectral death yak (Gauntlet)
  A fire crab (Gauntlet)
  5 salamander mystics
  Amaemon (Lair:1)
  3 death drakes (Depths:4)
  25 sixfirhies
  46 skeletal warriors
  A spark wasp zombie (Depths:1)
  12 wretched stars
  10 mana vipers
  15 flayed ghosts
  11 shadow wraiths
  A cherub (Pan)
  An iron giant zombie (Crypt:1)
  9 skysharks
  A swamp dragon (Abyss:4)
  A sun moth (shapeshifter) (Vaults:5)
  A deep troll (shapeshifter) (Depths:1)
  9 sea snakes
  5 quicksilver dragon simulacra
  A spectral bunyip (Tar:2)
  8 glowing orange brains
  43 deep trolls
  3 arcanists
  A shadow dragon zombie (Depths:1)
  8 naga ritualists
  An orb spider (shapeshifter) (Vaults:5)
  12 lindwurms
  20 shadow demons
  8 spriggan simulacra
  8 sun moths (Pan)
  2 sea snakes (shapeshifter)
  A glowing orange brain (shapeshifter) (Vaults:5)
  A mana viper (shapeshifter) (Vaults:2)
  9 bog bodies
  An orange crystal statue (Depths:2)
  A thermic dynamo (Elf:1)
  13 deep elf archers
  14 deep elf zephyrmancers
  7 orc knights
  An obsidian statue (IceCv)
  45 ugly things
  10 necromancers
  A steelbarb worm (Zot:2)
  19 deep elf pyromancers
  5 harpies (Shoals:2)
  19 ironbound convokers
  10 shining eyes
  16 phantasmal warriors
  2 anaconda skeletons
  An oklob plant (Gauntlet)
  A will-o-the-wisp (Abyss:3)
  A shadow dragon skeleton (Tomb:2)
  19 salamanders
  7 fauns
  7 orc sorcerers
  A fire giant skeleton (Depths:1)
  A frost giant zombie (Depths:1)
  3 kobold blastminers (Orc:2)
  13 manticores
  39 large abominations
  21 moths of wrath
  34 cyclopes
  A toenail golem (D:6)
  2 alligator skeletons (Hell)
  An elephant (shapeshifter) (Vaults:5)
  A frost giant skeleton (Depths:1)
  An iron dragon skeleton (Depths:1)
  21 naga magi
  8 guardian serpents
  A stone giant skeleton (Tomb:1)
  74 slime creatures
  13 vault sentinels
  2 worldbinders (Abyss:4)
  3 rust devils
  A spectral centaur (Crypt:3)
  33 black mambas
  A water nymph (shapeshifter) (Vaults:5)
  6 merfolk sirens
  A centaur zombie (Crypt:2)
  49 smoke demons
  14 elephants
  2 apocalypse crabs
  3 torpor snails (Lair:4)
  10 ice statues
  4 water nymphs
  4 titan simulacra
  11 cane toads
  A centaur skeleton (Tomb:2)
  21 orange demons
  A grey draconian zombie (Crypt:2)
  20 hellions
  A gargoyle (D:12)
  5 unseen horrors
  17 komodo dragons
  3 eyes of devastation
  2 sea snake zombies (Hell)
  A torpor snail (shapeshifter) (Depths:3)
  4 rime drakes
  10 efreet
  39 tormentors
  10 anaconda simulacra
  24 freezing wraiths
  A spectral naga (Crypt:3)
  A swamp worm zombie (Crypt:2)
  An unseen horror zombie (Crypt:1)
  36 yaktaurs
  20 guardian mummies
  11 red devils (Pan)
  5 tengu conjurers
  A harpy zombie (Tomb:2)
  2 hydra zombies (Hell)
  4 ancient zymes
  26 merfolk
  4 golden dragon simulacra
  3 silent spectres
  4 spectral harpies
  8 trolls
  20 hellwings
  A polar bear (shapeshifter) (Vaults:5)
  10 polar bears
  3 alligator simulacra
  A hydra skeleton (Crypt:2)
  A tyrant leech (Abyss:1)
  18 blink frogs
  5 wind drakes
  7 glass eyes
  4 snapping turtles
  15 raiju
  2 stone giant simulacra
  A snapping turtle (shapeshifter) (Depths:3)
  22 dream sheep
  A spectral black mamba (Crypt:3)
  A slime creature (shapeshifter) (Depths:4)
  Sigmund (D:2)
  A centaur simulacrum (Coc:1)
  A spriggan (shapeshifter) (D:13)
  An iron dragon simulacrum (Coc:4)
  9 dire elephant simulacra
  7 shadows
  44 yaks
  A guardian serpent skeleton (Crypt:1)
  4 air elementals
  2 wyverns
  7 fire bats
  22 ynoxinuls
  11 ushabtiu
  7 basilisks
  26 water elementals
  8 wraiths
  3 hogs (D:14)
  6 fire elementals
  11 golden eyes
  A sea snake simulacrum (Hell)
  6 wargs
  20 neqoxecs
  4 steam dragons
  2 alligator snapping turtle simulacra
  3 redbacks (Vaults:3)
  10 vampire mosquitoes
  16 chaos spawn
  15 harpy simulacra
  Menkaure (D:7)
  18 small abominations
  3 swamp worms (shapeshifter)
  46 nagas
  4 hell hounds
  2 swamp worms (Gauntlet)
  3 acid dragons
  A cane toad zombie (Crypt:2)
  4 hydra simulacra
  23 water moccasins
  An ice beast (D:8)
  57 orc warriors
  5 ettin simulacra
  3 sky beasts (D:8)
  An elephant zombie (Lair:3)
  3 boggarts (Vaults:1)
  A lindwurm zombie (Crypt:2)
  18 black bears
  13 wolves
  46 laughing skulls
  29 ogres
  5 centaurs
  2 komodo dragon zombies
  9 brain worms
  22 bullfrogs
  A deep troll simulacrum (IceCv)
  3 weeping skulls
  A gnoll sergeant (D:9)
  An earth elemental (Elf:2)
  4 naga simulacra
  A salamander skeleton (Crypt:1)
  A glowing shapeshifter simulacrum (Depths:1)
  2 scorpions
  13 wights
  A water moccasin skeleton (Crypt:1)
  4 burial acolytes (Crypt:3)
  9 killer bees
  2 lindwurm simulacra (IceCv)
  18 electric eels
  A howler monkey (D:14)
  3 lava snakes (Lair:3)
  A crimson imp (Abyss:3)
  A jelly (D:4)
  33 orc priests
  4 hounds
  A basilisk zombie (Lair:3)
  2 iron imps (Abyss:3)
  A scrub nettle (Lair:3)
  A sleepcap (D:4)
  4 iguanas
  Terence (D:2)
  24 orc wizards
  A black bear skeleton (Crypt:2)
  11 hell rats
  2 naga zombies
  A sky beast zombie (Crypt:2)
  22 mummies
  5 gnolls (D:9)
  8 adders
  A shadow imp (D:6)
  A swamp drake skeleton (Crypt:1)
  3 white imps
  5 ufetubi
  A lava snake skeleton (Crypt:1)
  3 dart slugs
  2 ribbon worms (D:2)
  99 orcs
  9 ball pythons
  6 endoplasms
  6 giant cockroaches
  6 goblins
  8 hobgoblins
  8 jackals
  3 quokkas
  9 bats
  5 frilled lizards
  A hobgoblin zombie (Crypt:1)
  4 kobolds
  5 rats
  7 aspiring fleshes
  7 creeping infernos
  15 fire vortices
  A lurking horror (Abyss:4)
  9 starspawn tentacles
  13 tentacles (Shoals:3)
4194 creatures vanquished.

Vanquished Creatures (collateral kills)
  A caustic shrike (Depths:4)
  An Ice Fiend (Coc:6)
  A fire giant (Depths:1)
  A merfolk aquamancer (Shoals:3)
  A shock serpent (Snake:2)
  A tengu zombie (Depths:1)
  A naga mage (Snake:2)
  A black mamba (Snake:2)
  A snapping turtle (Shoals:3)
  4 water elementals (Shoals:3)
  A glowing shapeshifter zombie (Depths:1)
14 creatures vanquished.

Vanquished Creatures (others)
  3 liches
  An eldritch tentacle (Pan)
  A fire giant (Geh:1)
  2 shard shrike simulacra
  2 demonspawn corrupters (Pan)
  A vampire knight (Depths:1)
  A wendigo (Coc:7)
  A white draconian (Zot:3)
  5 caustic shrike simulacra
  4 juggernaut simulacra
  An ogre mage (Vaults:5)
  2 occultists (Depths:1)
  2 sun demons (Pan)
  A quicksilver dragon simulacrum (Coc:7)
  A shadow demon (Pan)
  2 spriggan simulacra
  A deep elf zephyrmancer (Elf:1)
  A salamander (Snake:3)
  2 smoke demons (Pan)
  2 titan simulacra (Coc:7)
  A freezing wraith (Coc:3)
  3 ancient zymes
  A hellwing (Pan)
  An iron dragon simulacrum (Coc:3)
  A water elemental (Depths:1)
  A ynoxinul (Pan)
  A wraith (Crypt:3)
  2 humans (D:14)
  2 chaos spawn (Pan)
  A catoblepas simulacrum (Coc:1)
  4 harpy simulacra
  A hydra simulacrum (Coc:7)
  A naga (Snake:2)
  An orc (D:9)
  5 creeping infernos
  A fire vortex (Hell)
  2 foxfires (Abyss:3)
  13 starspawn tentacles
  34 tentacles (Shoals:3)
112 creatures vanquished.

Grand Total: 4320 creatures vanquished

Notes
Turn   | Place    | Note
-------+----------+-------------------------------------------
     0 | D:1      | backslashecho the Minotaur Berserker began the quest for
                  | the Orb.
     0 | D:1      | Reached XP level 1. HP: 19/19 MP: 0/0
   167 | D:1      | Reached XP level 2. HP: 27/27 MP: 1/1
   516 | D:1      | Reached XP level 3. HP: 33/33 MP: 2/2
   999 | D:2      | Reached ** piety under Trog
  1194 | D:2      | Noticed Sigmund
  1203 | D:2      | Killed Sigmund
  1204 | D:2      | Reached skill level 5 in Fighting
  1204 | D:2      | Reached XP level 4. HP: 42/42 MP: 3/3
  1204 | D:2      | Reached XP level 5. HP: 48/48 MP: 4/4
  1452 | D:2      | Noticed Terence
  1461 | D:2      | Killed Terence
  1921 | D:3      | Reached XP level 6. HP: 56/56 MP: 5/5
  2030 | D:3      | Reached *** piety under Trog
  2347 | D:3      | Found a shadowy altar of Dithmenos.
  2355 | D:3      | Found an iron altar of Okawaru.
  2585 | D:4      | Found a blossoming altar of Fedhas.
  2992 | D:5      | Entered Level 5 of the Dungeon
  3120 | D:5      | Reached XP level 7. HP: 18/63 MP: 6/6
  4133 | D:6      | Found a glowing silver altar of Zin.
  4301 | D:6      | Found Ykatzoviome's Armour Boutique.
  4480 | D:6      | Found a staircase to the Ecumenical Temple.
  4570 | D:6      | Reached skill level 9 in Axes
  4677 | D:6      | Reached XP level 8. HP: 66/71 MP: 7/7
  5016 | D:6      | Reached **** piety under Trog
  5201 | D:7      | Reached skill level 5 in Armour
  5420 | D:7      | Found a runed translucent door.
  5421 | D:7      | Noticed Crazy Yiuf
  5583 | D:7      | Reached skill level 1 in Shields
  5982 | D:7      | Found a shimmering blue altar of Sif Muna.
  6067 | D:7      | Reached XP level 9. HP: 81/81 MP: 8/8
  6180 | D:7      | Noticed Menkaure
  6202 | D:7      | Killed Menkaure
  6972 | D:8      | Reached skill level 12 in Axes
  7247 | D:8      | Reached skill level 5 in Shields
  7702 | D:8      | Noticed a two-headed ogre
  7713 | D:8      | Killed a two-headed ogre
  7714 | D:8      | Reached XP level 10. HP: 88/88 MP: 9/9
  8239 | D:9      | Identified the +1 scale mail of Vaavy {rF++ SInv}
  8562 | D:9      | Found a staircase to the Lair.
  9453 | D:6      | Bought a +4 plate armour of fire resistance for 600 gold
                  | pieces
  9973 | D:10     | Entered Level 10 of the Dungeon
 10077 | D:10     | Noticed a two-headed ogre
 10091 | D:10     | Killed a two-headed ogre
 10092 | D:10     | Reached skill level 15 in Axes
 10441 | D:10     | Found a roughly hewn altar of Beogh.
 10442 | D:10     | Found a staircase to the Orcish Mines.
 10697 | D:10     | Reached XP level 11. HP: 82/94 MP: 10/10
 11063 | D:11     | Reached skill level 9 in Shields
 11176 | D:11     | Found a gate leading to a gauntlet.
 11195 | Gauntlet | Entered a Gauntlet
 11195 | Gauntlet | Noticed a catoblepas
 11195 | Gauntlet | Noticed a death scarab
 11195 | Gauntlet | Found a transporter.
 11195 | Gauntlet | Found a transporter.
 11195 | Gauntlet | Found a transporter.
 11254 | Gauntlet | Found a transporter.
 11257 | Gauntlet | Found a transporter.
 11259 | Gauntlet | Noticed a reaper
 11262 | Gauntlet | Noticed a fire crab
 11269 | Gauntlet | Found a transporter.
 11334 | Gauntlet | Found a transporter.
 11344 | Gauntlet | Found a transporter.
 11360 | Gauntlet | Found a transporter.
 11375 | Gauntlet | Found a transporter.
 11377 | Gauntlet | Noticed an oklob plant
 11385 | Gauntlet | Found a transporter.
 11391 | Gauntlet | Found a transporter.
 11558 | Gauntlet | Killed a death scarab
 11831 | Gauntlet | Killed an oklob plant
 11923 | Gauntlet | Killed a fire crab
 11986 | Gauntlet | Noticed a minotaur
 11998 | Gauntlet | Killed a minotaur
 12043 | Gauntlet | Identified the +4 war axe "Metedih" {freeze, rCorr Dex+2}
 13016 | Orc:1    | Entered Level 1 of the Orcish Mines
 13016 | Orc:1    | Noticed an orc high priest
 13024 | Orc:1    | Noticed a sun demon
 13028 | Orc:1    | Killed an orc high priest
 13029 | Orc:1    | Reached skill level 18 in Axes
 13169 | Orc:1    | Noticed a two-headed ogre
 13178 | Orc:1    | Killed a two-headed ogre
 13362 | Orc:1    | Noticed an orc warlord
 13414 | Orc:1    | Reached XP level 12. HP: 103/103 MP: 11/11
 13421 | Orc:1    | Killed an orc warlord
 13761 | Orc:1    | Reached skill level 9 in Fighting
 13783 | Orc:1    | Reached ***** piety under Trog
 14003 | Orc:1    | Found a roughly hewn altar of Beogh.
 14007 | Orc:1    | Noticed an orc high priest
 14011 | Orc:1    | Reached skill level 12 in Shields
 14027 | Orc:1    | Killed an orc high priest
 14185 | Orc:1    | Received a gift from Trog
 14296 | Orc:2    | Entered Level 2 of the Orcish Mines
 14452 | Orc:2    | Paralysed by an orc sorcerer for 2 turns
 14480 | Orc:2    | Found a roughly hewn altar of Beogh.
 14480 | Orc:2    | Noticed an orc high priest
 14491 | Orc:2    | Killed an orc high priest
 14833 | Orc:2    | Reached skill level 9 in Armour
 14839 | Orc:2    | Noticed a two-headed ogre
 14849 | Orc:2    | Killed a two-headed ogre
 14921 | Orc:2    | Noticed a two-headed ogre
 14927 | Orc:2    | Killed a two-headed ogre
 15383 | Orc:2    | Reached XP level 13. HP: 95/116 MP: 12/12
 15662 | Orc:2    | Found a staircase to the Elven Halls.
 15733 | Orc:2    | Identified the +2 chain mail of Inevitability {rElec rF-
                  | Dex+6}
 15817 | Orc:2    | Found Boshre Feubb's Antique Armour Shoppe.
 15861 | Orc:2    | Noticed an orc warlord
 15902 | Orc:2    | Killed an orc warlord
 16133 | Orc:2    | Received a gift from Trog
 16277 | Orc:2    | Found Zaexuxamm's Antique Weapon Shop.
 16283 | Orc:2    | Reached skill level 12 in Fighting
 16424 | Orc:2    | Found a roughly hewn altar of Beogh.
 16714 | Orc:2    | Found Avaurat's Antique Weapon Boutique.
 16898 | Orc:2    | Found Zennon's Distillery.
 16945 | Orc:2    | Bought a potion of degeneration for 15 gold pieces
 17465 | Orc:2    | Bought a smoking war axe for 221 gold pieces
 17465 | Orc:2    | Identified the +0 war axe of the Apocalypse {vamp, *Corrode
                  | rPois rN+} (You bought it in a shop on level 2 of the
                  | Orcish Mines)
 17525 | Orc:2    | Bought a potion of might for 60 gold pieces
 17525 | Orc:2    | Bought a potion of curing for 45 gold pieces
 17525 | Orc:2    | Bought a potion of curing for 45 gold pieces
 17525 | Orc:2    | Bought a potion of curing for 45 gold pieces
 17525 | Orc:2    | Bought a potion of berserk rage for 75 gold pieces
 17525 | Orc:2    | Bought a potion of lignification for 45 gold pieces
 17799 | Lair:1   | Entered Level 1 of the Lair of Beasts
 17993 | Lair:1   | Noticed Amaemon
 18022 | Lair:1   | Killed Amaemon
 18072 | Lair:1   | Reached skill level 15 in Shields
 18799 | Lair:2   | Reached skill level 12 in Armour
 19014 | Lair:2   | Reached XP level 14. HP: 127/127 MP: 13/13
 19016 | Lair:2   | Reached skill level 5 in Dodging
 19107 | Lair:2   | Received a gift from Trog
 19697 | Lair:3   | Found a staircase to the Shoals.
 19895 | Lair:3   | Found a staircase to the Snake Pit.
 20073 | Lair:3   | Reached ****** piety under Trog
 21336 | Lair:4   | Identified the +5 long sword of Ketaomofy {protect, rElec
                  | rF- rC+}
 21805 | Lair:4   | Found a viscous altar of Jiyva.
 21805 | Lair:4   | Found a staircase to the Slime Pits.
 21895 | Lair:4   | Received a gift from Trog
 22047 | Lair:4   | Reached skill level 18 in Shields
 22292 | Lair:4   | Identified the ring "Ytrabu" {*Corrode Will+ Int+4}
 22376 | Lair:4   | Identified the amulet of Vacoenk {Acrobat rN+}
 22638 | Lair:5   | Entered Level 5 of the Lair of Beasts
 22661 | Lair:4   | Reached XP level 15. HP: 72/134 MP: 14/14
 22662 | Lair:4   | Reached skill level 9 in Dodging
 22920 | Lair:5   | Reached skill level 1 in Evocations
 22921 | Lair:5   | Identified the +9 hand axe "Globulus" {flame, Dex+2 Stlth+}
                  | (Trog gifted it to you on level 5 of the Lair of Beasts)
 22921 | Lair:5   | Received a gift from Trog
 24865 | D:12     | Identified a scroll of acquirement
 24865 | D:12     | Acquired the +1 broad axe of Causality {heavy, rPois rF+
                  | rC+ Stlth-}
 24991 | D:12     | Received a gift from Trog
 26190 | D:13     | Reached skill level 5 in Evocations
 27095 | D:14     | Noticed Kirke
 27107 | D:14     | Killed Kirke
 27155 | D:14     | Reached skill level 21 in Shields
 27350 | D:14     | Found a gate to the Vaults.
 27603 | D:15     | Entered Level 15 of the Dungeon
 27696 | D:15     | Reached XP level 16. HP: 126/141 MP: 15/15
 27989 | D:15     | Received a gift from Trog
 28027 | D:15     | Noticed Nessos
 28037 | D:15     | Killed Nessos
 28080 | D:15     | Reached skill level 9 in Evocations
 28381 | D:15     | Found a staircase to the Depths.
 28887 | Snake:1  | Entered Level 1 of the Snake Pit
 30023 | Snake:1  | Received a gift from Trog
 31522 | Snake:2  | Noticed Vashnia
 31548 | Snake:2  | Killed Vashnia
 31700 | Snake:2  | Found a shimmering altar of Xom.
 31861 | Snake:2  | Reached XP level 17. HP: 79/154 MP: 16/16
 32274 | Snake:2  | Found a transporter.
 32274 | Snake:2  | Found a transporter.
 32549 | Snake:2  | Received a gift from Trog
 33531 | Snake:2  | Reached skill level 15 in Fighting
 33891 | Snake:3  | Found a runed translucent door.
 33897 | Snake:3  | Noticed ForkInBrain's ghost (adept CoHu)
 34727 | Snake:3  | Found Wywk's Jewellery Shop.
 34728 | Snake:3  | Found Toikkecw's Book Shoppe.
 34730 | Snake:3  | Found Cugoa's Jewellery Shop.
 34746 | Snake:3  | Bought the ring "Diqe" {rC+ rN+ SInv} for 398 gold pieces
 34920 | Snake:4  | Entered Level 4 of the Snake Pit
 35070 | Snake:3  | Reached skill level 12 in Evocations
 35168 | Snake:4  | Found a blossoming altar of Fedhas.
 35204 | Snake:3  | Received a gift from Trog
 36004 | Snake:4  | Reached XP level 18. HP: 101/163 MP: 17/17
 36365 | Snake:4  | Got a serpentine rune of Zot
 36548 | Shoals:1 | Entered Level 1 of the Shoals
 36747 | Shoals:1 | Received a gift from Trog
 38431 | Shoals:3 | Found a transporter.
 38433 | Shoals:3 | Found a transporter.
 38434 | Shoals:3 | Noticed Scrimshaw's ghost (adept CoHs)
 38516 | Shoals:3 | Received a gift from Trog
 38833 | Shoals:3 | Reached skill level 15 in Armour
 39367 | Shoals:3 | Killed Scrimshaw's ghost
 39410 | Shoals:3 | Identified the ring "Saqink" {Fly rCorr Dex+6}
 39444 | Shoals:4 | Entered Level 4 of the Shoals
 39738 | Shoals:4 | Identified the +0 leather armour "Pumafuj" {Harm rPois
                  | Str+3}
 39742 | Shoals:4 | Got a barnacled rune of Zot
 40104 | D:14     | Received a gift from Trog
 40137 | Vaults:1 | Entered Level 1 of the Vaults
 40364 | Vaults:1 | Found Ulavag's General Store.
 40373 | Vaults:1 | Bought a scroll of teleportation for 51 gold pieces
 40387 | Vaults:1 | Found Yloyxon's Antique Weapon Emporium.
 40426 | Vaults:1 | Reached XP level 19. HP: 177/177 MP: 18/18
 40579 | Vaults:1 | Found Zelo's Armour Shoppe.
 40587 | Vaults:1 | Bought the +3 pair of gauntlets of War {Slay+5} for 617
                  | gold pieces
 40587 | Vaults:1 | Found the +3 pair of gauntlets of War {Slay+5}
 41077 | Vaults:1 | Received a gift from Trog
 41385 | Vaults:2 | Reached skill level 27 in Shields
 41638 | Vaults:2 | Reached skill level 18 in Fighting
 41726 | Vaults:2 | Noticed Margery
 42110 | Vaults:2 | Identified the +3 halberd of Zadas {venom, Str+7 Int-3
                  | Stlth+}
 42159 | Vaults:2 | Found a staircase to the Crypt.
 42257 | Vaults:2 | Received a gift from Trog
 42266 | Vaults:2 | Killed Margery
 42877 | Vaults:3 | Found Ymesseem's Magic Scroll Shoppe.
 43088 | Vaults:3 | Found Riul's Weapon Shoppe.
 43154 | Vaults:3 | Reached skill level 12 in Dodging
 43213 | Vaults:3 | Bought a scroll of teleportation for 48 gold pieces
 43213 | Vaults:3 | Bought a scroll of blinking for 120 gold pieces
 43213 | Vaults:3 | Bought a scroll of fear for 64 gold pieces
 43213 | Vaults:3 | Bought a scroll of fear for 64 gold pieces
 43213 | Vaults:3 | Bought a scroll of butterflies for 64 gold pieces
 43268 | Vaults:3 | Reached XP level 20. HP: 187/187 MP: 19/19
 43296 | Vaults:3 | Received a gift from Trog
 43357 | Vaults:3 | Found a transporter.
 43359 | Vaults:3 | Noticed Kevimi's ghost (adept FeNe)
 43469 | Vaults:3 | Found a transporter.
 43520 | Vaults:3 | Found Fymmupt's Distillery.
 43523 | Vaults:3 | Bought a potion of curing for 45 gold pieces
 43523 | Vaults:3 | Bought a potion of cancellation for 120 gold pieces
 43523 | Vaults:3 | Bought a potion of resistance for 150 gold pieces
 43523 | Vaults:3 | Bought a potion of might for 60 gold pieces
 43523 | Vaults:3 | Bought a potion of ambrosia for 120 gold pieces
 43616 | Vaults:3 | Noticed an ancient lich
 43781 | Vaults:3 | Found Jennem's General Store.
 43786 | Vaults:3 | Bought a potion of curing for 48 gold pieces
 43786 | Vaults:3 | Bought a condenser vane for 640 gold pieces
 43786 | Vaults:3 | Bought 2 scrolls of teleportation for 96 gold pieces
 43786 | Vaults:3 | Bought a potion of haste for 160 gold pieces
 43875 | Vaults:3 | Found Biero's Book Boutique.
 44029 | Vaults:4 | Noticed Sojobo
 44042 | Vaults:4 | Paralysed by an air elemental for 1 turns
 44069 | Vaults:4 | Killed Sojobo
 44087 | Vaults:4 | Found a magical portal.
 44108 | WizLab   | Entered Yara's Duelist Academy
 44228 | WizLab   | Reached skill level 18 in Armour
 44243 | WizLab   | Noticed Ruaz
 44251 | WizLab   | Killed Ruaz the Head Instructor
 44667 | WizLab   | Got Yara's Compendium of Fascination
 44690 | WizLab   | Got Yara's Teachings on Jinxing
 45195 | Vaults:4 | Received a gift from Trog
 45842 | Depths:1 | Entered Level 1 of the Depths
 45867 | Depths:1 | Reached XP level 21. HP: 155/200 MP: 20/20
 45984 | Depths:1 | Noticed a caustic shrike
 45989 | Depths:1 | Killed a caustic shrike
 46206 | Depths:1 | Identified the +7 longbow "Owo Uteu" {freeze, Will+}
 46905 | Depths:1 | Found a stormy altar of Qazlal.
 46926 | Depths:1 | Received a gift from Trog
 46942 | Depths:1 | Found a gateway to Hell.
 47228 | Depths:1 | Found a sparkling altar of Nemelex Xobeh.
 47323 | Depths:2 | Found a one-way gate leading to the halls of Pandemonium.
 47454 | Depths:2 | Identified the ring of Equilibrium {Fly rElec rPois Dex+6}
 47562 | Depths:2 | Reached skill level 21 in Fighting
 47595 | Depths:2 | Received a gift from Trog
 47757 | Depths:2 | Reached skill level 15 in Evocations
 47911 | Depths:2 | Found a one-way gateway to a ziggurat.
 47948 | Depths:2 | Identified the +0 trident "Olufione" {protect, Str+3 Dex+3}
 48183 | Depths:2 | Found a one-way gate to the infinite horrors of the Abyss.
 48370 | Depths:2 | Identified the +2 arbalest of Abuse {flame, *Slow rF++ MP+9
                  | Dex+3}
 48710 | Depths:3 | Noticed a golden dragon
 48717 | Depths:3 | Killed a golden dragon
 48718 | Depths:3 | Reached skill level 21 in Armour
 48718 | Depths:3 | Reached XP level 22. HP: 120/213 MP: 21/21
 49015 | Depths:3 | Noticed a golden dragon
 49024 | Depths:3 | Killed a golden dragon
 49092 | Depths:3 | Noticed a golden dragon
 49105 | Depths:3 | Killed a golden dragon
 49127 | Depths:3 | Received a gift from Trog
 49129 | Depths:3 | Paralysed by a vampire knight for 2 turns
 49236 | Depths:3 | Found the +3 pair of seven-league boots {Rampage+∞}
 49592 | Depths:4 | Entered Level 4 of the Depths
 49892 | Depths:4 | Noticed a caustic shrike
 49905 | Depths:3 | Killed a caustic shrike
 49971 | Depths:4 | Noticed a juggernaut
 49971 | Depths:4 | Noticed a caustic shrike
 49971 | Depths:4 | Noticed a caustic shrike
 49973 | Depths:4 | Noticed a caustic shrike
 49974 | Depths:4 | Noticed a caustic shrike
 49983 | Depths:4 | Killed a caustic shrike
 49984 | Depths:4 | Killed a caustic shrike
 49988 | Depths:4 | Killed a caustic shrike
 49991 | Depths:4 | Killed a caustic shrike
 50015 | Depths:4 | Killed a juggernaut
 50185 | Depths:4 | Reached skill level 21 in Axes
 50214 | Depths:4 | Found Jameiq's Antique Weapon Boutique.
 50215 | Depths:4 | Noticed a golden dragon
 50216 | Depths:4 | Found Bebawan's Weapon Shop.
 50223 | Depths:4 | Killed a golden dragon
 50655 | Depths:4 | Noticed a golden dragon
 50663 | Depths:4 | Killed a golden dragon
 50812 | Depths:4 | Found a gate to the Realm of Zot.
 51001 | Depths:4 | Identified the amulet of Unyrr {Acrobat Fly rF- Int+4
                  | Dex+3}
 51208 | Depths:4 | Noticed a golden dragon
 51214 | Depths:4 | Killed a golden dragon
 51263 | Depths:4 | Found a basalt altar of Yredelemnul.
 52285 | Elf:1    | Entered Level 1 of the Elven Halls
 52303 | Elf:1    | Found a radiant altar of Vehumet.
 52309 | Elf:1    | Received a gift from Trog
 52355 | Elf:1    | Paralysed by an air elemental for 1 turns
 52481 | Elf:1    | Reached XP level 23. HP: 224/224 MP: 22/22
 52535 | Elf:1    | Noticed Louise
 52546 | Elf:1    | Killed Louise
 52814 | Elf:2    | Noticed Azrael
 52824 | Elf:2    | Killed Azrael
 52830 | Elf:2    | Found a glacial archway.
 52834 | IceCv    | Entered an ice cave
 52938 | IceCv    | Identified the +7 broad axe of the Lost Seers {heavy,
                  | +Blink rElec Str+3} (Trog gifted it to you in an ice cave)
 52938 | IceCv    | Received a gift from Trog
 52989 | IceCv    | Identified the +8 battleaxe "Wiumigi" {flame, Int+5}
 53009 | IceCv    | Found an ancient bone altar of Kikubaaqudgha.
 53236 | IceCv    | Got the Catalogue of the Decaying Deep Freeze
 53429 | Elf:2    | Identified the serpent talisman of Yesterday {rElec rCorr
                  | MP+9 Slay-4}
 53429 | Elf:2    | Noticed Aizul
 53444 | Elf:2    | Killed Aizul
 53453 | Elf:2    | Found a runed translucent gate.
 53453 | Elf:2    | Found a runed translucent gate.
 53453 | Elf:2    | Found a runed translucent gate.
 53456 | Elf:2    | Noticed MiniTore's ghost (adept CoBe)
 53459 | Elf:2    | Found an iron altar of Okawaru.
 53575 | Elf:2    | Noticed Nikola
 53577 | Elf:2    | Found a runed translucent gate.
 53584 | Elf:2    | Killed Nikola
 53619 | Elf:2    | Received a gift from Trog
 53919 | Elf:2    | Found a runed translucent gate.
 53919 | Elf:2    | Found a runed translucent gate.
 53949 | Elf:3    | Entered Level 3 of the Elven Halls
 54080 | Elf:3    | Found a portal to a secret trove of treasure.
 54430 | Elf:3    | Paralysed by an air elemental for 1 turns
 54480 | Elf:3    | Received a gift from Trog
 54875 | Elf:3    | Found the +8 frozen axe "Frostbite" {freeze, freezing
                  | cloud, *Noise Fly rC+}
 54878 | Elf:3    | Identified the ring of Attitude {+Blink Fly rPois}
 54930 | Elf:3    | Found the +6 lightning scales {swift, rElec}
 54934 | Elf:3    | Identified the +1 great sword of Zin's Wrath {freeze, Int-2
                  | Dex+6}
 55445 | Temple   | Entered the Ecumenical Temple
 55450 | Temple   | Fell from the grace of Trog
 55450 | Temple   | Became a worshipper of the Shining One
 55696 | Crypt:1  | Entered Level 1 of the Crypt
 56179 | Crypt:1  | Reached skill level 1 in Invocations
 56234 | Crypt:1  | Reached * piety under the Shining One
 56308 | Crypt:1  | Reached ** piety under the Shining One
 56525 | Crypt:1  | Reached *** piety under the Shining One
 57096 | Crypt:2  | Reached **** piety under the Shining One
 57210 | Crypt:2  | Reached ***** piety under the Shining One
 57257 | Crypt:2  | Reached skill level 5 in Invocations
 57264 | Crypt:2  | Reached XP level 24. HP: 238/238 MP: 25/25
 57598 | Crypt:2  | Reached ****** piety under the Shining One
 57677 | Crypt:3  | Entered Level 3 of the Crypt
 57974 | Crypt:3  | Found an ancient bone altar of Kikubaaqudgha.
 58056 | Crypt:3  | Identified the +8 demon blade "Pamisad" {heavy, rC+ rN+}
 58150 | Crypt:3  | Reached skill level 9 in Invocations
 58221 | Crypt:3  | Identified the +6 quick blade of Magnificence {holy, rElec
                  | Will+ Int-2 SInv}
 58269 | Crypt:3  | Found a staircase to the Tomb.
 58315 | Crypt:3  | Got Sif Muna's Opusculum on the Lapidarian Comitatus
 58431 | Crypt:3  | Identified a +9 broad axe of holy wrath (a +9 heavy broad
                  | axe blessed by the Shining One)
 58431 | Crypt:3  | Received a gift from the Shining One
 58530 | Tomb:1   | Entered Level 1 of the Tomb of the Ancients
 58849 | Tomb:1   | Noticed a royal mummy
 58855 | Tomb:1   | Noticed a royal mummy
 58858 | Tomb:1   | Noticed a royal mummy
 59118 | Tomb:1   | Killed a royal mummy
 59287 | Tomb:1   | Killed a royal mummy
 59551 | Tomb:1   | Killed a royal mummy
 59730 | Tomb:1   | Reached skill level 12 in Invocations
 59820 | Tomb:1   | Identified the ring "Maraenn" {+Blink rElec Will+ Int+6
                  | Slay+3}
 60447 | D:6      | Fell from the grace of the Shining One
 60447 | D:6      | Became a worshipper of Zin the Law-Giver
 60447 | D:6      | Reached * piety under Zin
 60447 | D:6      | Reached ** piety under Zin
 60447 | D:6      | Reached *** piety under Zin
 60447 | D:6      | Reached **** piety under Zin
 60447 | D:6      | Reached ***** piety under Zin
 61195 | Hell     | Entered the Vestibule of Hell
 61195 | Hell     | Noticed Geryon
 61203 | Hell     | Killed Geryon
 61246 | Hell     | Found a gateway to the decaying netherworld of Tartarus.
 61313 | Hell     | Found a gateway to the Iron City of Dis.
 61410 | Hell     | Found a gateway to the freezing wastes of Cocytus.
 61567 | Hell     | Found a gateway to the ashen valley of Gehenna.
 61926 | Hell     | Donated 1811 gold pieces to Zin
 62070 | Depths:1 | Reached ****** piety under Zin
 62264 | Depths:3 | Got the Elucidation of the Boggart and the Charnel House
 62780 | Slime:1  | Entered Level 1 of the Pits of Slime
 63025 | Slime:4  | Reached skill level 15 in Invocations
 63032 | Slime:4  | Reached XP level 25. HP: 208/245 MP: 33/33
 63049 | Slime:5  | Entered Level 5 of the Pits of Slime
 63076 | Slime:5  | Noticed the Royal Jelly
 63191 | Slime:5  | Killed the Royal Jelly
 63380 | Slime:5  | Found the +8 mithril axe "Arga" {speed, Will+}
 63401 | Slime:5  | Got a slimy rune of Zot
 63405 | Slime:5  | Got a starry gem with 10 turns to spare
 63435 | Slime:5  | Got the Volume of Necrotic Creation
 63455 | Slime:5  | Found the +8 longbow "Zephyr" {speed, Dex+3 SInv}
 63471 | Slime:5  | Identified the ring "Gototin" {*Slow rN++ Will+ rCorr AC+4}
 63473 | Slime:5  | Identified the +0 cloak of Bablog {rPois rN+++ Str+4 Int-3}
 63530 | Slime:5  | Identified the +5 rapier of Mastery {spect, ^Contam rElec
                  | rN+ Dex+5}
 64058 | Zot:1    | Entered Level 1 of the Realm of Zot
 64652 | Zot:1    | Reached skill level 18 in Invocations
 64903 | Pan      | Entered Pandemonium
 64971 | Pan      | Identified the +5 dagger "Ogupnyus" {freeze, Will+ Dex+4
                  | Stlth+}
 65004 | Pan      | Found an exit through the horrors of the Abyss.
 65476 | Pan      | Identified the +1 leather armour "Owkinulu" {Regen+}
 66732 | Pan      | Reached XP level 26. HP: 163/254 MP: 35/35
 67060 | Pan      | Paralysed by Trog for 6 turns
 67478 | Pan      | Noticed Kionow the pandemonium lord
 67486 | Pan      | Killed Kionow the pandemonium lord
 67697 | Pan      | Got Zavegac's Vellum of Frosty Alchemy
 67738 | Pan      | Got a demonic rune of Zot
 67780 | Pan      | Paralysed by Trog for 3 turns
 67946 | Pan      | Entered the realm of Gloorx Vloq.
 68142 | Pan      | Found an exit through the horrors of the Abyss.
 68638 | Pan      | Reached skill level 21 in Invocations
 68865 | Pan      | Noticed Gloorx Vloq
 69238 | Pan      | Paralysed by Trog for 2 turns
 69238 | Pan      | Was forgiven by Trog
 69393 | Pan      | Killed Gloorx Vloq
 69411 | Pan      | Got a dark rune of Zot
 69712 | Pan      | Found a transporter.
 69949 | Pan      | Found a transporter.
 70794 | Pan      | Got Poakang's Elucidation of Prima Materia and Injury
 70796 | Pan      | Identified the ring "Celempi" {Fire rPois Str-3 Dex+2}
 70810 | Pan      | Identified the ring of Macvatsi {Ice Dex+7}
 70881 | Pan      | Entered the realm of Cerebov.
 71016 | Pan      | Identified the +3 short sword "Kivuotio" {flame, Str+6}
 71176 | Pan      | Identified the staff of Bread {*Corrode rN+ Dex-2 Stlth+
                  | Necro Ice}
 71246 | Pan      | Reached XP level 27. HP: 254/261 MP: 37/37
 71246 | Pan      | Identified the +7 whip "Geqush" {venom, Fly rC+ Will-
                  | Str+3}
 71250 | Pan      | Found the +6 sword of Cerebov {flame}
 71250 | Pan      | Noticed Cerebov
 71687 | Pan      | Killed Cerebov
 71737 | Pan      | Got a fiery rune of Zot
 71856 | Pan      | Identified the +7 sling of Nisyiwee {drain, rPois Str-2
                  | Int+2 Dex+4}
 72026 | Pan      | Identified the +3 plate armour of Anaesthesia {rElec rPois
                  | rF++ Slay-2}
 72240 | Pan      | Identified the +3 shortbow of the Fifty Xalams {freeze,
                  | Str+5 Dex+3}
 72486 | Pan      | Noticed Qaogijod the pandemonium lord
 72510 | Pan      | Noticed Yraala Waxy the pandemonium lord
 72627 | Pan      | Killed Yraala Waxy the pandemonium lord
 72718 | Pan      | Entered the realm of Lom Lobon.
 72763 | Pan      | Upgraded the game from 0.32-a0-656-g3542139ebd to
                  | 0.32-a0-666-ge8a88695a4
 72786 | Pan      | Found an ancient bone altar of Kikubaaqudgha.
 72802 | Pan      | Found an exit through the horrors of the Abyss.
 73488 | Pan      | Noticed Lom Lobon
 73513 | Pan      | Killed Lom Lobon
 73568 | Pan      | Got a magical rune of Zot
 73793 | Pan      | Entered the realm of Mnoleg.
 74068 | Pan      | Got Pejuck's Spellbook of the Tundra and Production
 74086 | Pan      | Reached skill level 27 in Armour
 74352 | Pan      | Noticed Mnoleg
 74555 | Pan      | Killed Mnoleg
 74691 | Pan      | Got a glowing rune of Zot
 74962 | Pan      | Found an exit through the horrors of the Abyss.
 75132 | Pan      | Took an exit into the Abyss.
 75132 | Abyss:1  | Escaped into the Abyss
 75186 | Abyss:2  | Found a corrupted altar of Lugonu.
 75424 | Abyss:3  | Found a corrupted altar of Lugonu.
 75482 | Abyss:3  | Found a corrupted altar of Lugonu.
 75500 | Abyss:3  | Found a corrupted altar of Lugonu.
 75669 | Abyss:3  | Found a corrupted altar of Lugonu.
 75954 | Abyss:3  | Found a corrupted altar of Lugonu.
 75957 | Abyss:3  | Noticed an ancient lich
 75969 | Abyss:3  | Killed an ancient lich
 76250 | Abyss:4  | Found a corrupted altar of Lugonu.
 76264 | Abyss:4  | Reached skill level 27 in Invocations
 76354 | Abyss:4  | Got an abyssal rune of Zot
 76369 | Abyss:4  | Found a corrupted altar of Lugonu.
 76492 | Depths:3 | Escaped the Abyss
 76799 | Vaults:5 | Entered Level 5 of the Vaults
 76884 | Vaults:5 | Identified the +3 leather armour "Hodith" {^Contam rN+
                  | Regen+ Dex+5}
 76892 | Vaults:5 | Reached skill level 27 in Fighting
 76908 | Vaults:5 | Identified the +4 robe "Nach" {rPois rC+ SInv}
 76908 | Vaults:5 | Noticed Boris
 76931 | Vaults:5 | Killed Boris
 76985 | Vaults:5 | Noticed an ancient lich
 77010 | Vaults:5 | Killed an ancient lich
 77437 | Vaults:5 | Noticed a dread lich
 77452 | Vaults:5 | Killed a dread lich
 77498 | Vaults:5 | Identified the staff of Abomination {rC+ Str+5 Int+6 Ice}
 77500 | Vaults:5 | Got a silver rune of Zot
 77774 | Vaults:5 | Identified the +1 ring mail "Qete" {Str+4 Stlth+}
 77782 | Vaults:5 | Identified the ring "Duttae" {rPois rF++ rN+ Str-3 SInv}
 78130 | Vaults:5 | Identified the +8 great sword of True Grit {elec, rN++
                  | Stlth+}
 78478 | Dis:1    | Entered Level 1 of the Iron City of Dis
 78796 | Geh:1    | Entered Level 1 of Gehenna
 79072 | Geh:2    | Noticed a dread lich
 79098 | Geh:2    | Killed a dread lich
 79111 | Geh:2    | Noticed a dread lich
 79124 | Geh:2    | Killed a dread lich
 79430 | Geh:5    | Found a huge runed translucent gate.
 79430 | Geh:5    | Found a huge runed translucent gate.
 79430 | Geh:5    | Found a huge runed translucent gate.
 79430 | Geh:5    | Found a huge runed translucent gate.
 79430 | Geh:5    | Found a huge runed translucent gate.
 79430 | Geh:5    | Found a huge runed translucent gate.
 79430 | Geh:5    | Found a huge runed translucent gate.
 79430 | Geh:5    | Found a huge runed translucent gate.
 79430 | Geh:5    | Found a huge runed translucent gate.
 79430 | Geh:5    | Found a huge runed translucent gate.
 79430 | Geh:5    | Found a huge runed translucent gate.
 79430 | Geh:5    | Found a huge runed translucent gate.
 79430 | Geh:5    | Found a huge runed translucent gate.
 79431 | Geh:5    | Found a huge runed translucent gate.
 79439 | Geh:5    | Found a huge runed translucent gate.
 79457 | Geh:5    | Found a huge runed translucent gate.
 79457 | Geh:5    | Found a huge runed translucent gate.
 79457 | Geh:5    | Found a huge runed translucent gate.
 79457 | Geh:5    | Found a huge runed translucent gate.
 79466 | Geh:5    | Found a huge runed translucent gate.
 79467 | Geh:5    | Found a huge runed translucent gate.
 79467 | Geh:5    | Found a huge runed translucent gate.
 79477 | Geh:5    | Found a huge runed translucent gate.
 79478 | Geh:5    | Found a huge runed translucent gate.
 79479 | Geh:5    | Found a huge runed translucent gate.
 79479 | Geh:5    | Found a huge runed translucent gate.
 79480 | Geh:5    | Found a huge runed translucent gate.
 79481 | Geh:5    | Found a huge runed translucent gate.
 79482 | Geh:5    | Found a huge runed translucent gate.
 79483 | Geh:5    | Found a huge runed translucent gate.
 79483 | Geh:5    | Found a huge runed translucent gate.
 79488 | Geh:5    | Found a huge runed translucent gate.
 79489 | Geh:5    | Found a huge runed translucent gate.
 79489 | Geh:5    | Found a huge runed translucent gate.
 79489 | Geh:5    | Found a huge runed translucent gate.
 79489 | Geh:5    | Found a huge runed translucent gate.
 79503 | Geh:5    | Noticed a dread lich
 79515 | Geh:5    | Killed a dread lich
 80098 | Geh:7    | Entered Level 7 of Gehenna
 81404 | Geh:7    | Found the +13 sceptre of Asmodeus
 81404 | Geh:7    | Noticed Asmodeus
 81426 | Geh:7    | Killed Asmodeus
 81427 | Geh:7    | Reached skill level 18 in Evocations
 81594 | Geh:7    | Identified the amulet "Wonusex" {Faith Harm Dex+2 SInv}
 81597 | Geh:7    | Identified the staff of Elyvilon's Approval {rElec rPois
                  | Summ Alchemy}
 81608 | Geh:7    | Identified the +0 plate armour of Violets {Rampage rCorr
                  | Str+3 Stlth+}
 81613 | Geh:7    | Identified the +0 robe "Edwenano" {Regen+}
 81620 | Geh:7    | Identified the +0 scale mail "Fochu" {+Blink rN+ Int+4}
 81644 | Geh:7    | Got an obsidian rune of Zot
 82366 | Dis:4    | Reached skill level 15 in Dodging
 83254 | Dis:7    | Entered Level 7 of the Iron City of Dis
 83681 | Dis:7    | Reached skill level 27 in Axes
 84229 | Dis:7    | Noticed a juggernaut
 84230 | Dis:7    | Noticed Dispater
 84256 | Dis:7    | Killed a juggernaut
 84270 | Dis:7    | Killed Dispater
 84312 | Dis:7    | Got an iron rune of Zot
 84352 | Dis:7    | Identified the +9 halberd of the Beginning {flame, Will++}
 84534 | Tar:1    | Entered Level 1 of Tartarus
 85323 | Tar:6    | Reached skill level 21 in Evocations
 85526 | Tar:7    | Entered Level 7 of Tartarus
 85789 | Tar:7    | Noticed Ereshkigal
 85810 | Tar:7    | Killed Ereshkigal
 85811 | Tar:7    | Reached skill level 18 in Dodging
 86173 | Tar:7    | Noticed a dread lich
 86188 | Tar:7    | Killed a dread lich
 86206 | Tar:7    | Noticed an ancient lich
 86212 | Tar:7    | Killed an ancient lich
 86467 | Tar:7    | Got a bone rune of Zot
 86518 | Tar:7    | Got Votry's Tome of the Familiar and Orogeny
 86520 | Tar:7    | Identified the ring of Sophism {Fly rN+ Str+5 SInv Stlth+}
 86631 | Coc:1    | Entered Level 1 of Cocytus
 86893 | Coc:3    | Paralysed by a wendigo for 1 turns
 87808 | Coc:6    | Noticed a dread lich
 87825 | Coc:6    | Killed a dread lich
 88264 | Coc:7    | Entered Level 7 of Cocytus
 88462 | Coc:7    | Reached skill level 21 in Dodging
 88506 | Coc:7    | Noticed the Serpent of Hell
 88515 | Coc:7    | Paralysed by a wendigo for 1 turns
 88524 | Coc:7    | Killed the Serpent of Hell
 88525 | Coc:7    | Reached skill level 1 in Throwing
 88784 | Coc:7    | Noticed Antaeus
 88815 | Coc:7    | Killed Antaeus
 88837 | Coc:7    | Got an icy rune of Zot
 90617 | Tomb:1   | Noticed a royal mummy
 90622 | Tomb:1   | Killed a royal mummy
 90627 | Tomb:1   | Noticed a royal mummy
 90630 | Tomb:1   | Noticed a royal mummy
 90633 | Tomb:1   | Killed a royal mummy
 90642 | Tomb:1   | Killed a royal mummy
 90646 | Tomb:1   | Noticed a royal mummy
 90651 | Tomb:1   | Killed a royal mummy
 90677 | Tomb:1   | Noticed a royal mummy
 90685 | Tomb:1   | Killed a royal mummy
 90871 | Tomb:1   | Noticed a royal mummy
 90879 | Tomb:1   | Killed a royal mummy
 90880 | Tomb:1   | Reached skill level 5 in Throwing
 90888 | Tomb:1   | Noticed a royal mummy
 90910 | Tomb:1   | Killed a royal mummy
 91027 | Tomb:1   | Noticed a royal mummy
 91028 | Tomb:1   | Noticed a royal mummy
 91035 | Tomb:1   | Killed a royal mummy
 91036 | Tomb:1   | Noticed a royal mummy
 91040 | Tomb:1   | Killed a royal mummy
 91058 | Tomb:1   | Killed a royal mummy
 91516 | Tomb:1   | Noticed a royal mummy
 91517 | Tomb:1   | Noticed a royal mummy
 91525 | Tomb:1   | Killed a royal mummy
 91528 | Tomb:1   | Killed a royal mummy
 91650 | Tomb:1   | Noticed a royal mummy
 91690 | Tomb:1   | Killed a royal mummy
 91767 | Tomb:1   | Noticed a royal mummy
 91771 | Tomb:1   | Killed a royal mummy
 91919 | Tomb:1   | Noticed a royal mummy
 91944 | Tomb:1   | Killed a royal mummy
 92052 | Tomb:2   | Noticed a royal mummy
 92053 | Tomb:2   | Noticed a royal mummy
 92053 | Tomb:2   | Noticed a royal mummy
 92053 | Tomb:2   | Noticed a royal mummy
 92105 | Tomb:2   | Identified the +7 scimitar "Ececk" {vamp, Fly rC+ Int+2
                  | Dex-2}
 92112 | Tomb:2   | Killed a royal mummy
 92392 | Tomb:3   | Entered Level 3 of the Tomb of the Ancients
 92479 | Tomb:3   | Noticed a royal mummy
 92482 | Tomb:3   | Found the necklace of Bloodlust {Fury *Rage Will++ Int-3
                  | Slay+6}
 92487 | Tomb:3   | Noticed a royal mummy
 92489 | Tomb:3   | Noticed a royal mummy
 92489 | Tomb:3   | Noticed a royal mummy
 92489 | Tomb:3   | Noticed a royal mummy
 92490 | Tomb:3   | Noticed a royal mummy
 92496 | Tomb:3   | Donated 3044 gold pieces to Zin
 92500 | Tomb:3   | Got a golden rune of Zot
 92515 | Tomb:3   | Noticed a royal mummy
 92523 | Tomb:3   | Killed a royal mummy
 93222 | Zot:1    | Found a runed translucent gate.
 93222 | Zot:1    | Found a runed translucent gate.
 93222 | Zot:1    | Found a runed translucent gate.
 93234 | Zot:1    | Found an ancient bone altar of Kikubaaqudgha.
 93234 | Zot:1    | Noticed an ancient lich
 93234 | Zot:1    | Noticed a dread lich
 93437 | Zot:1    | Noticed Cuhyol's ghost (veteran MfSh)
 93438 | Zot:1    | Noticed a dread lich
 93438 | Zot:1    | Noticed a dread lich
 93448 | Zot:1    | Killed a dread lich
 93453 | Zot:1    | Killed a dread lich
 93454 | Zot:1    | Killed Cuhyol's ghost
 93454 | Zot:1    | Killed an ancient lich
 93457 | Zot:1    | Killed a dread lich
 93463 | Zot:1    | Identified the +0 cloak of the Falcon {rElec rF+}
 93466 | Zot:1    | Identified the amulet "Zavup" {Reflect +Inv rC+ SH+5}
 93521 | Zot:2    | Noticed Grunn
 93540 | Zot:2    | Killed Grunn
 93847 | Zot:2    | Reached skill level 27 in Evocations
 94537 | Zot:3    | Identified the ring of Pitumer {rElec rC+ rN+}
 95638 | Zot:3    | Identified the +7 halberd "Nuim" {venom, *Noise rElec rN+++
                  | rCorr}
 96087 | Zot:5    | Entered Level 5 of the Realm of Zot
 97697 | Zot:5    | Reached skill level 27 in Dodging
 97870 | Zot:5    | Noticed a dread lich
 97884 | Zot:5    | Killed a dread lich
 98207 | Zot:5    | Noticed an ancient lich
 98220 | Zot:5    | Killed an ancient lich
 98221 | Zot:5    | Reached skill level 9 in Throwing
 98225 | Zot:5    | Noticed an orb of fire
 98233 | Zot:5    | Killed an orb of fire
 98234 | Zot:5    | Noticed an orb of fire
 98271 | Zot:5    | Killed an orb of fire
 98475 | Zot:5    | Noticed an orb of fire
 98477 | Zot:5    | Noticed an ancient lich
 98493 | Zot:5    | Killed an orb of fire
 98496 | Zot:5    | Killed an ancient lich
 98504 | Zot:5    | Noticed an orb of fire
 98516 | Zot:5    | Killed an orb of fire
 98552 | Zot:5    | Reached skill level 12 in Throwing
 98684 | Zot:5    | Noticed an ancient lich
 98696 | Zot:5    | Killed an ancient lich
 98738 | Zot:5    | Noticed an ancient lich
 98752 | Zot:5    | Killed an ancient lich
 99063 | Zot:5    | Got the Orb of Zot
 99115 | Zot:5    | Noticed an ancient lich
 99123 | Zot:5    | Killed an ancient lich
 99652 | D:2      | Reached skill level 15 in Throwing
 99719 | D:1      | Noticed Hairik the pandemonium lord
 99724 | D:$      | Escaped with the Orb!

Illustrated notes

Levels and vault maps discovered:
D:1:      dpeg_arrival_morbid_curiosity, layout_basic, serial_park_tiny_1
D:2:      layout_loops_corners, uniq_sigmund, uniq_terence
D:3:      layout_basic, mainiacjoe_overflow_big_doors
D:4:      layout_rooms, fedhas_altar_fruit_tree
D:5:      layout_basic
D:6:      layout_loops_ring, mainiacjoe_overflow_tiny_flanked,
          minmay_temple_entry_drinking_statues, serial_shops, shop
D:7:      layout_cave_pods, tgw_sif, uniq_menkaure, uniq_crazy_yiuf_cottage
D:8:      layout_basic, kennysheep_cluttered_room, hangedman_misty_isle
D:9:      layout_basic, erik_lair_island, minmay_misc_feat_doors
D:10:     layout_long_grid, david_orc_5
D:11:     layout_basic, gauntlet_entry_generic
D:12:     layout_cave_pods
D:13:     layout_loops_ring, nicolae_two_hexagons
D:14:     layout_loops_ring, david_vaults_5, grunt_decor_resistance, uniq_kirke
D:15:     gammafunk_enter_depths_forms, layout_basic, uniq_nessos
Temple:   sentei_temple_godly_chess
Lair:1:   layout_roguey, st_stairs_6, uniq_amaemon
Lair:2:   layout_gridlike, chequers_serial_rivers_small_a
Lair:3:   pond_and_an_island_with_a_cottage, layout_cave_pods,
          minmay_shoals_entry_beasts, nicolae_snake_entry_warm_welcome,
          evilmike_ambush [evilmike_ambush_outer_corners,
          evilmike_ambush_inner_basic], grunt_megastairs_2, serial_bayou_shore_b
Lair:4:   nzn_winding_woodlands_huge [nzn_winding_woodlands_5x15_river_crossing,
          nzn_winding_woodlands_5x15_parted,
          nzn_winding_woodlands_5x15_longhouse,
          nzn_winding_woodlands_5x15_cabin,
          nzn_winding_woodlands_5x15_lazy_stream,
          nzn_winding_woodlands_5x15_pathside_ponds,
          nzn_winding_woodlands_5x15_concentric,
          nzn_winding_woodlands_5x15_zeroes, nzn_winding_woodlands_5x15_pockets,
          nzn_winding_woodlands_5x15_split_checker,
          nzn_winding_woodlands_center_diamonds,
          nzn_winding_woodlands_center_triple_pond,
          nzn_winding_woodlands_15x15_eel_pit], layout_regular_city,
          dpeg_slime_entry_enclosed, serial_bayou, serial_bayou_shore_b,
          serial_bayou_crossing, serial_bayou_shore_b, serial_bayou_pond_a,
          lemuel_fruit_tree
Lair:5:   evilmike_catoblepas_cave, layout_regular_city
Shoals:1: layout_shoals
Shoals:2: layout_shoals
Shoals:3: layout_shoals, ebering_ghost_davey_jones, nicolae_shoals_kraken_party
Shoals:4: shoals_end_grunt_garden, layout_shoals
Snake:1:  layout_chambers
Snake:2:  gammafunk_the_bubble [the_bubble_gammafunk_plus_minus],
          layout_chambers, basic_altar, beargit_elvish_explorers, uniq_vashnia
Snake:3:  layout_gridlike, ebering_ghost_inner_flame, minmay_shop_grove,
          nicolae_triple_integral
Snake:4:  snake_pit, layout_grid_shapes, basic_altar,
          nicolae_snake_ghostly_warrior_ritual
Slime:1:  layout_caves, cheibrodos_slime_lost_civilization_6
Slime:2:  layout_caves, nicolae_slime_getting_an_eyeful
Slime:3:  layout_caves
Slime:4:  layout_caves
Slime:5:  slime_pit_nicolae_block_by_block
Orc:1:    orc_temple, layout_diamond_mine
Orc:2:    pubby_orc_utopia
Elf:1:    eino_elf_arrival_altar, layout_rooms, minmay_elf_sorcery,
          grunt_ministairs_15, drop_trap, uniq_louise
Elf:2:    nicolae_elf_blades_crystal_corner, layout_gridlike,
          gammafunk_ghost_fury_of_okawaru, portal_ice_cave_entry_pillars_four,
          uniq_donald, uniq_aizul, uniq_zenata, uniq_azrael, uniq_nikola
Elf:3:    minmay_elf_hall_four_x, layout_loops_ring, enter_trove_2,
          grunt_ministairs_1
Vaults:1: nicolae_vaults_trapezoid_lopsided_2, ontoclasm_vaults_gallery,
          v_misc_15, hangedman_vaults_stream, nicolae_vaults_three_branches,
          nicolae_vaults_hexular_roomagon, nicolae_vaults_little_squares_1,
          nicolae_vaults_diamond_1, vaults_room_fours, nicolae_vaults_house_3,
          nicolae_vaults_double_plus_3, layout_vaults_big_room, serial_shops,
          nicolae_lakefront_shop, nicolae_shop_tiny_waterfront, shop
Vaults:2: minmay_crypt_entry_simple_plaza, hangedman_vaults_capsules,
          nicolae_vaults_ninety_degrees, vaults_dpeg_encased_lava,
          vaults_room_grid, nicolae_vaults_ellipses_ellipsis,
          nicolae_vaults_bisected_slash, vaults_standard_mumra_lines,
          ontoclasm_vaults_gateway, hangedman_vaults_hat,
          nicolae_vaults_little_ls, layout_vaults_omnicross, uniq_margery
Vaults:3: gammafunk_ghost_mausoleum, hangedman_vaults_stagger, v_misc_27,
          nicolae_vaults_ring_of_whatevers, nicolae_vaults_theta,
          ontoclasm_vaults_decontamination, dpeg_vaults_monster_box, v_misc_18,
          nicolae_vaults_diamond_2, nicolae_vaults_closet_pinwheel_5,
          ontoclasm_vaults_chip, vaults_room_door_ring,
          layout_vaults_maze_bifur, serial_shops, nicolae_shop_advertising_works
          [nicolae_subvault_shop_adworks], nicolae_shop_real_fake_doors,
          nicolae_shop_bloodbath_and_beyond, shop, nicolae_square_shop
Vaults:4: lightli_enter_wizlab_magi_temple, nicolae_vaults_circle_grid_a,
          ontoclasm_vaults_tryst, nicolae_vaults_weapon_check,
          nicolae_vaults_door_testing_chamber, nicolae_vaults_cornered_office,
          hangedman_vaults_snaps, vaults_room_ringed_pool,
          nicolae_vaults_offset_grid_hallway_1, nicolae_vaults_diamond_2,
          layout_vaults_omnibox, uniq_sojobo
Vaults:5: uniq_boris
Crypt:1:  layout_basic, st_stairs_3, lemuel_upstairs_altar
Crypt:2:  layout_misc_corridors, nicolae_crypt_niches
Crypt:3:  grunt_crypt_end_deaths_head
Tomb:1
Tomb:2
Tomb:3
Depths:1: nooodl_heptagram, layout_honeycomb, nemelex_spade_bored_becter,
          pf_coc_iceberg, nicolae_qazlal_style_of_elements
Depths:2: minmay_the_grid_octo_2x2 [minmay_the_grid_octo_odd_swirl,
          minmay_the_grid_octo_teeth, minmay_the_grid_octo_horde,
          minmay_the_grid_octo_prize_square_snowflake], layout_cave_pools,
          ziggurat_fallback, minmay_room_of_horrors, hell_entry, pan_entry,
          minmay_protected_statue
Depths:3: minmay_curly_fans, layout_cave_pools, hangedman_abyss_entry_splay,
          minmay_misc_feat_secret_circle, hell_entry, grunt_pan_entry_zigzag,
          chequers_big_river, hellmonk_guarded_unrand_seven_league_boots
Depths:4: lemuel_castle_with_subvaults [lemuel_castle_interior_carwin_3],
          layout_gridville, lemuel_crystal_altar, pf_hell_entry_great_geh,
          abyss_entry_small_statue_room, minmay_gold_behind_fungi,
          corexii_hall_statues_x, minmay_shoptagon
Hell
Dis:1:    layout_regular_city, nicolae_dis_iron_filings
Dis:2:    layout_jigsaw
Dis:3:    layout_overlapping_boxes
Dis:4:    layout_regular_city, nicolae_dis_spooky_hallway
Dis:5:    layout_regular_city
Dis:6:    layout_gridville, nicolae_dis_having_a_grate_time
Dis:7:    dis_hangedman
Geh:1:    layout_gehenna_pools_box, gehenna_fire_generator
Geh:2:    layout_gehenna_lava_caves
Geh:3:    nicolae_geh_symmetric_flows, layout_gehenna_pools_basic
Geh:4:    layout_gehenna_lava_caves
Geh:5:    layout_gehenna_pools_basic, not_door_vault_due
Geh:6:    nicolae_geh_split_lavaduct, layout_gehenna_lava_caves
Geh:7:    geh_mu
Coc:1:    layout_ice_bergs
Coc:2:    layout_cocytus_water_paths
Coc:3:    layout_cocytus_delve, grunt_cocytus_stairs_refrigerator
Coc:4:    layout_cocytus_delve
Coc:5:    layout_ice_bergs
Coc:6:    nicolae_coc_city_of_iceburg
Coc:7:    coc_old
Tar:1:    layout_grid_maze
Tar:2:    layout_grid_maze
Tar:3:    layout_honeycomb
Tar:4:    layout_catacombs
Tar:5:    layout_grid_maze
Tar:6:    layout_honeycomb
Tar:7:    tar_grunt_cathedral
Zot:1:    layout_onion_interference, gammafunk_ghost_crypt, st_stairs_4,
          grunt_ministairs_6
Zot:2:    layout_onion_interference, uniq_grunn
Zot:3:    hangedman_zot_vaults_quadrants, layout_cathedral_of_symmetry
Zot:4:    layout_cellular_growth, hangedman_zot_decor_slant,
          regret_index_zotdec_banners
Zot:5:    layout_twisted_circle

Skill      XL: |  1  2  3  4  5  6  7  8  9 10 11 12 13 14 15 16 17 18 19 20 21 22 23 24 25 26 27 |
---------------+----------------------------------------------------------------------------------+-----
Axes           | 4 6 7 9 10 13 15 18 21 22 23 27 | 27.0
Fighting       | 4 5 6 8 11 12 14 15 17 18 19 21 22 24 27 | 27.0
Dodging        | 3 4 8 9 12 27 | 27.0
Armour         | 4 6 9 12 13 15 17 19 21 22 23 25 27 | 27.0
Shields        | 2 6 8 11 13 15 18 21 23 26 27 | 27.0
Evocations     | 7 10 12 13 15 27 | 27.0
Invocations    | 5 15 19 22 27 | 27.0
Throwing       | 15 | 15.0

Action                     |  1- 3 |  4- 6 |  7- 9 | 10-12 | 13-15 | 16-18 | 19-21 | 22-24 | 25-27 || total
---------------------------+-------+-------+-------+-------+-------+-------+-------+-------+-------++-------
  Melee: Hand axe          |    66 |   108 |   284 |   112 |       |       |       |       |       ||   570
         Headbutt          |    12 |    18 |    64 |   131 |   243 |   347 |   361 |   435 |  2556 ||  4167
         War axe           |       |       |       |   496 |   215 |       |       |       |       ||   711
         Broad axe         |       |       |       |       |   802 |  1241 |  1159 |  1461 |  6711 || 11374
  Throw: Dart              |       |       |     4 |    15 |     1 |       |       |       |     1 ||    21
 Invoke: Berserk           |     1 |     1 |     2 |    12 |     4 |     5 |     6 |     1 |       ||    32
         Trog's Hand       |       |       |       |     2 |     4 |     4 |    13 |     6 |       ||    29
         Brothers in Arms  |       |       |       |       |       |     2 |     3 |     2 |       ||     7
         Divine Shield     |       |       |       |       |       |       |       |     2 |       ||     2
         Vitalisation      |       |       |       |       |       |       |       |     3 |    66 ||    69
         Recite            |       |       |       |       |       |       |       |     1 |    27 ||    28
         Donate Gold       |       |       |       |       |       |       |       |     1 |     1 ||     2
         Cleansing Flame   |       |       |       |       |       |       |       |     1 |       ||     1
         Brand Weapon With |       |       |       |       |       |       |       |     1 |       ||     1
         Sanctuary         |       |       |       |       |       |       |       |       |     8 ||     8
  Evoke: Wand              |       |       |     1 |     2 |     6 |     6 |     9 |     5 |    44 ||    73
         Lightning rod     |       |       |       |       |     4 |     5 |     5 |     4 |     3 ||    21
         Condenser vane    |       |       |       |       |       |       |     2 |     2 |     2 ||     6
         Sack of spiders   |       |       |       |       |       |       |       |     1 |     2 ||     3
    Use: Scroll            |       |       |       |    12 |    11 |     5 |     7 |    17 |    50 ||   102
         Potion            |       |       |       |       |     1 |     1 |     2 |     7 |    47 ||    58
   Stab: Sleeping          |     1 |       |       |       |       |       |       |       |       ||     1
         Paralysed         |       |       |     5 |       |       |       |       |       |     2 ||     7
         Petrifying        |       |       |       |       |     1 |       |       |       |       ||     1
         Held in net/web   |       |       |       |       |       |       |       |     1 |       ||     1
         Confused          |       |       |       |       |       |       |       |       |    46 ||    46
         Invisible         |       |       |       |       |       |       |       |       |    15 ||    15
         Distracted        |       |       |       |       |       |       |       |       |     4 ||     4
 Armour: Animal skin       |    12 |       |       |       |       |       |       |       |       ||    12
         Ring mail         |    25 |    52 |       |       |       |       |       |       |       ||    77
         Plate armour      |       |    10 |   244 |   315 |    92 |    18 |       |   362 |   136 ||  1177
         Chain mail        |       |       |       |       |   208 |   564 |   452 |   182 |       ||  1406
         Gold dragon scale |       |       |       |       |       |       |       |       |  1824 ||  1824
  Dodge: Dodged            |    38 |    73 |    65 |   170 |   280 |   338 |   328 |   322 |  1119 ||  2733
         Repelled          |       |       |       |    22 |    29 |    97 |    72 |   122 |       ||   342
  Block: Kite shield       |       |       |    46 |   229 |   110 |       |       |       |       ||   385
         Tower shield      |       |       |       |       |   569 |  1961 |  1605 |  1573 |  4637 || 10345

Table legend: (Time is in decaauts)
 A = Elapsed time spent in this place.
 B = Non-inter-level travel time spent in this place.
 C = Inter-level travel time spent in this place.
 D = Time resting spent in this place.
 E = Time spent auto-exploring this place.
 F = Levels seen in this place.
 G = Mean time per level.
                   A        B        C        D        E       F      G
               +--------+--------+--------+--------+--------+-----+--------+
         Total |  96635 |  83418 |  13217 |  11810 |  46241 | 113 |  855.2 |
       Dungeon |  19555 |  14847 |   4708 |   1330 |  10721 |  15 | 1303.7 |
        Temple |     13 |      5 |      8 |      0 |      0 |   1 |   13.0 |
          Lair |   7548 |   6527 |   1021 |    596 |   4558 |   5 | 1509.6 |
        Shoals |   3376 |   3091 |    285 |    410 |   1710 |   4 |  844.0 |
     Snake Pit |   7918 |   7394 |    524 |   1365 |   4187 |   4 | 1979.5 |
    Slime Pits |    838 |    733 |    105 |     48 |    214 |   5 |  167.6 |
  Orcish Mines |   4765 |   4221 |    544 |    784 |   2455 |   2 | 2382.5 |
   Elven Halls |   2807 |   2453 |    354 |    110 |   1709 |   3 |  935.7 |
        Vaults |   7155 |   5674 |   1481 |    344 |   3709 |   5 | 1431.0 |
         Crypt |   2871 |   2304 |    567 |      0 |   1595 |   3 |  957.0 |
          Tomb |   3631 |   3313 |    318 |   1300 |    597 |   3 | 1210.3 |
        Depths |   7242 |   5580 |   1662 |    243 |   3442 |   4 | 1810.5 |
          Hell |   1007 |    747 |    260 |     38 |    457 |   1 | 1007.0 |
           Dis |   2428 |   2168 |    260 |    748 |    554 |   7 |  346.9 |
       Gehenna |   2794 |   2557 |    237 |    704 |    586 |   7 |  399.1 |
       Cocytus |   2380 |   2161 |    219 |    896 |    353 |   7 |  340.0 |
      Tartarus |   1917 |   1807 |    110 |    668 |    418 |   7 |  273.9 |
           Zot |   6034 |   5488 |    546 |    926 |   3173 |   5 | 1206.8 |
         Abyss |   1124 |   1124 |      0 |     94 |    376 |   4 |  281.0 |
   Pandemonium |   9180 |   9180 |      0 |    767 |   4592 |  18 |  510.0 |
      Ice Cave |    519 |    519 |      0 |     16 |    293 |   1 |  519.0 |
        Wizlab |    630 |    630 |      0 |     26 |    308 |   1 |  630.0 |
      Gauntlet |    892 |    892 |      0 |    389 |    228 |   1 |  892.0 |
               +--------+--------+--------+--------+--------+-----+--------+

Top non-repeatable levels by time:
   Orc:2: 3384 daAuts
  Tomb:1: 3113 daAuts
 Snake:1: 2648 daAuts
     D:9: 2609 daAuts
 Snake:2: 2591 daAuts
Depths:1: 2393 daAuts
    D:14: 1981 daAuts
Depths:4: 1972 daAuts
  Lair:4: 1916 daAuts
   Zot:5: 1864 daAuts
     D:7: 1806 daAuts
Vaults:2: 1788 daAuts
  Lair:5: 1754 daAuts
  Lair:3: 1720 daAuts
Vaults:1: 1684 daAuts
